AoeStats
← fleur

MegaRandom

509378353Analyzed
2v2 RM · 6d ago on Sep 26, 2026· 38m 59s· 4 players
Game mode
Random Map
Map size
Medium (4 player)
Population
200
Speed
Normal
Resources
Standard
Victory
Conquest
Starting age
Dark Age
Ending age
Imperial Age
RankedLock teamsTeams togetherTeam positionsShared explorationLock speedFull tech treeHidden civsTurbo modeCheats
Victory
Defeat
🇪🇸 Chinese · Spain
902
+16
🇪🇸 Franks · Spain
901
+17
🇫🇷 Saracens · France
935
-17
🇩🇪 Huns · Germany
904
-16
HeXoN
0:38 Loom
10:02 Feudal Age
12:12 Wheelbarrow
15:33 Double-Bit Axe
22:55 Castle Age
20:50 Fletching
21:03 Padded Archer Armor
22:16 Forging
22:57 Crossbowman
23:45 Thumb Ring
23:49 Bodkin Arrow
25:29 Pikeman
26:47 Iron Casting
26:19 Scale Mail Armor
31:09 Horse Collar
32:44 Leather Archer Armor
Nightcrawler
1:11 Loom
10:48 Feudal Age
12:11 Wheelbarrow
14:21 Double-Bit Axe
18:14 Gold Mining
21:30 Castle Age
22:55 Bow Saw
22:40 Stone Mining
23:18 Hand Cart
23:42 Husbandry
24:52 Forging
27:17 Gold Shaft Mining
30:25 Scale Barding Armor
31:49 Caravan
41:54 Imperial Age
el1312chapo
fleur
6:55 Loom
10:10 Feudal Age
10:54 Double-Bit Axe
10:51 Horse Collar
15:17 Bloodlines
17:00 Wheelbarrow
21:32 Castle Age
20:10 Stone Mining
20:12 Gold Mining
20:37 Forging
21:08 Scale Barding Armor
22:45 Bow Saw
22:38 Heavy Plow
23:15 Gold Shaft Mining
23:11 Husbandry
24:31 Iron Casting
24:54 Masonry
24:50 Scale Mail Armor
29:01 Chain Barding Armor
30:17 Marauders
30:56 Hand Cart
31:04 Fletching
Connection lost

Rejoining the realm…

Still unreachable

The connection could not be restored.

Session expired

The server has moved on; the page needs a fresh start.